 Dungeon Crawl Stone Soup version 0.32-a0-12-g7fc57aa741 (webtiles) character file.

Game seed: 1689977528014386976

43 Colgate the Caller (level 3, -2/25 HPs)
             Began as a Gnoll Summoner on Jan 14, 2024.
             Slain by a quokka (5 damage)
             ... on level 2 of the Dungeon.
             The game lasted 00:05:11 (2011 turns).

Colgate the Caller (Gnoll Summoner)                 Turns: 2011, Time: 00:05:12

Health: -2/25      AC:  2    Str:  7    XL:     3   Next: 58%
Magic:  8/9        EV: 13    Int: 16    God:
Gold:   63         SH:  0    Dex: 12    Spells: 6/12 levels left

rFire   . . .        c - +0 spear
rCold   . . .        (no shield)
rNeg    . . .        a - +0 robe
rPois   .            (no helmet)
rElec   .            (no cloak)
rCorr   .            (no gloves)
SInv    .            (no boots)
Will    .....        d - amulet of faith
Stlth   ++           (no ring)
HPRegen 0.24/turn    (no ring)
MPRegen 0.11/turn

%: faith
@: no status effects
A: fangs 1, strong nose, distributed training
a: no special abilities


You were on level 2 of the Dungeon.
You visited 1 branch of the dungeon, and saw 3 of its levels.

You collected 63 gold pieces.

Inventory:

Hand Weapons
 c - a +0 spear (weapon)
Missiles
 f - 6 atropa-tipped darts
Armour
 a - a +0 robe (worn)
 l - the +0 ring mail of the Platytaur {rF+ MP+9}
   (You found it on level 2 of the Dungeon)

   rF+:       It protects you from fire.
   MP+9:      It affects your magic capacity (+9).
Jewellery
 d - an amulet of faith (around neck)
Wands
 n - a wand of iceblast (12) {@v2}
Scrolls
 e - a scroll of blinking {unknown}
 g - a scroll of enchant armour {unknown}
 h - 2 scrolls of teleportation {unknown}
 i - a scroll of brand weapon {unknown}
 j - 2 scrolls of amnesia {unknown}
 k - a scroll of fear {unknown}
Potions
 b - a potion of magic
 m - a potion of enlightenment {unknown}
 o - 2 potions of heal wounds {unknown}


   Skills:
 + Level 0.9 Fighting
 + Level 0.9 Short Blades
 + Level 0.9 Long Blades
 + Level 0.9 Axes
 + Level 0.9 Maces & Flails
 + Level 0.9 Polearms
 + Level 0.9 Staves
 + Level 0.9 Ranged Weapons
 + Level 0.9 Throwing
 + Level 0.9 Armour
 + Level 4.5 Dodging
 + Level 4.2 Stealth
 + Level 0.9 Shields
 + Level 0.9 Unarmed Combat
 + Level 5.0 Spellcasting
 + Level 0.6 Conjurations
 + Level 0.6 Hexes
 + Level 7.1 Summonings
 + Level 0.6 Necromancy
 + Level 0.6 Translocations
 + Level 0.6 Fire Magic
 + Level 0.6 Ice Magic
 + Level 0.6 Air Magic
 + Level 0.6 Earth Magic
 + Level 0.6 Alchemy
 + Level 1.0 Invocations
 + Level 0.9 Evocations
 + Level 0.7 Shapeshifting


You had 6 spell levels left.
You knew the following spells:

 Your Spells              Type           Power      Damage    Failure   Level
a - Summon Small Mammal   Summ           100%       N/A       1%          1
b - Call Imp              Summ           52%        N/A       1%          2
c - Call Canine Familiar  Summ           26%        N/A       2%          3

Your spell library contained the following spells:

 Spells                   Type           Power      Damage    Failure   Level
 Sandblast                Erth           12%        2d6       12%         1
 Lesser Beckoning         Tloc           12%        N/A       19%         2
 Summon Blazeheart Golem  Fire/Summ      16%        N/A       30%         4
 Summon Lightning Spire   Summ/Air       16%        N/A       30%         4
 Gell's Gravitas          Tloc           6%         N/A       34%         3
 Passwall                 Erth           6%         N/A       34%         3
 Stone Arrow              Conj/Erth      12%        3d7       34%         3
 Teleport Other           Tloc           6%         N/A       34%         3
 Brom's Barrelling Bould  Conj/Erth      6%         2d3       75%         4


Dungeon Overview and Level Annotations

Branches:
Dungeon (3/15)

Altars:


Innate Abilities, Weirdness & Mutations

You have very sharp teeth.
Your uncanny sense of smell can sniff out nearby items.
Your experience applies equally to all skills.


Message History

The orc closely misses you.
Your inugami completely misses the orc.
Your cerulean imp hits the orc but does no damage.
Your inugami hits the orc. The orc hits you with a +0 whip.
Things that are here:
a +0 war axe; an orc corpse Your bat closely misses the orc.
Your bat hits the orc but does no damage.
Your cerulean imp completely misses the orc.
Your inugami hits the orc but does no damage.
The orc misses your inugami.
Your bat barely misses the orc.
Your quokka bites the orc but does no damage.
Your cerulean imp hits the orc with a -2 spear.
Your inugami hits the orc.
The orc dies!
No target in view!
Your bat disappears in a puff of smoke!
Your cerulean imp says, "OK, boss!"
Your quokka disappears in a puff of smoke!
Your cerulean imp disappears in a puff of smoke!
HP restored.
Magic restored.
Done exploring.
There is a stone staircase leading down here.
You climb downwards.
Your summoned ally is left behind.
The orc hits you with a +0 war axe. The orc hits you but does no damage.
There is a stone staircase leading up here.
The orc hits you but does no damage. The orc hits you with a +0 war axe!
The quokka bites you.
You climb upwards.
Your inugami disappears in a puff of smoke!
There is a stone staircase leading down here.
You are too injured to fight recklessly!
Casting: Summon Small Mammal (safe; 1% risk of failure)
The orc hits you with a +0 club. The orc hits you with a +0 war axe!
* * * LOW HITPOINT WARNING * * *
The orc hits your quokka with a +0 war axe!
Your quokka dies!
Your quokka's corpse disappears in a puff of smoke!
The quokka bites you.
You die...

###.#.....#.# ###.##
##.........#.# #..#
#..##.######.# ##.###
..###...# #.# ##...##
.######.####.# ##.....##
.....##...##.######.......#
####.####........##.......#
# #..###......r.[........#
# ##..........)@#.......##
## ####.......o[o.......##
.# #........ยง#........# .#
##........#........# .#
#.........#........#
)#######.........#.#.....##
..#..............#......##
..#....##........#####..#
..........###.#### ##.#


You could see 2 orcs and a quokka.

Vanquished Creatures
  A ball python (D:1)
  An endoplasm (D:1)
  2 bats
  A frilled lizard (D:2)
  A kobold (D:1)
6 creatures vanquished.

Vanquished Creatures (collateral kills)
  2 dart slugs (D:2)
  2 orcs (D:2)
  2 endoplasms (D:2)
  2 giant cockroaches
  7 hobgoblins
  A quokka (D:2)
  2 ball pythons (D:2)
  4 bats
  5 frilled lizards
  A kobold (D:1)
  A rat (D:1)
29 creatures vanquished.

Grand Total: 35 creatures vanquished

Notes
Turn   | Place    | Note
-------+----------+-------------------------------------------
     0 | D:1      | Colgate the Gnoll Summoner began the quest for the Orb.
     0 | D:1      | Reached XP level 1. HP: 13/13 MP: 6/6
   248 | D:1      | Reached XP level 2. HP: 19/19 MP: 4/7
   399 | D:1      | Learned a level 2 spell: Call Imp
  1106 | D:2      | Reached skill level 5 in Spellcasting
  1106 | D:2      | Reached XP level 3. HP: 25/25 MP: 4/9
  1110 | D:2      | Learned a level 3 spell: Call Canine Familiar
  1412 | D:2      | Identified the +0 ring mail of the Platytaur {rF+ MP+9}
  1729 | D:2      | Reached skill level 1 in Invocations
  2011 | D:2      | Slain by a quokka

Illustrated notes

Levels and vault maps discovered:
D:1:      nagdon_arrival_double_spiral, layout_basic
D:2:      layout_rooms, minmay_fractal_squares_gapless_5
D:3:      layout_rooms, nicolae_overflow_squiral

Skill      XL: |  1  2  3 |
---------------+----------+-----
Spellcasting   | 5 |  5.0
Invocations    | 1 |  1.0
Fighting       | |  0.9
Short Blades   | |  0.9
Long Blades    | |  0.9
Axes           | |  0.9
Maces & Flails | |  0.9
Polearms       | |  0.9
Staves         | |  0.9
Ranged Weapons | |  0.9
Throwing       | |  0.9
Armour         | |  0.9
Dodging        | |  4.5
Stealth        | |  4.2
Shields        | |  0.9
Unarmed Combat | |  0.9
Conjurations   | |  0.6
Hexes          | |  0.6
Summonings     | |  7.1
Necromancy     | |  0.6
Translocations | |  0.6
Fire Magic     | |  0.6
Ice Magic      | |  0.6
Air Magic      | |  0.6
Earth Magic    | |  0.6
Alchemy        | |  0.6
Evocations     | |  0.9
Shapeshifting  | |  0.7

Action                     || total
---------------------------++-------
  Melee: Spear             ||    46
   Cast: Summon Small Mamm ||    47
         Call Imp          ||    15
         Call Canine Famil ||     7
   Stab: Sleeping          ||     4
 Armour: Robe              ||    28
  Dodge: Dodged            ||    43

Table legend: (Time is in decaauts)
 A = Elapsed time spent in this place.
 B = Non-inter-level travel time spent in this place.
 C = Inter-level travel time spent in this place.
 D = Time resting spent in this place.
 E = Time spent auto-exploring this place.
 F = Levels seen in this place.
 G = Mean time per level.
                   A        B        C        D        E       F      G
               +--------+--------+--------+--------+--------+-----+--------+
         Total |   2016 |   1982 |     34 |      0 |   1674 |   3 |  672.0 |
       Dungeon |   2016 |   1982 |     34 |      0 |   1674 |   3 |  672.0 |
               +--------+--------+--------+--------+--------+-----+--------+

Top non-repeatable levels by time:
     D:2: 1081 daAuts
     D:1: 930 daAuts
     D:3: 4 daAuts
